 Dungeon Crawl Stone Soup version 0.28.0-49-g6dfe1f597d (webtiles) character file.

Game seed: 10345193387807005363

165 Descartes the Chopper (level 5, 0/38 HPs)
             Began as a Formicid Warper on May 15, 2022.
             Slain by Grinder the sixfirhy (11 damage)
             ... on level 4 of the Dungeon.
             The game lasted 00:04:45 (3565 turns).

Descartes the Chopper (Formicid Warper)             Turns: 3565, Time: 00:04:45

Health: 0/38       AC:  8    Str: 18    XL:     5   Next: 75%
Magic:  8/8        EV: 10    Int: 12    God:
Gold:   145        SH:  9    Dex: 10    Spells: 8/8 levels left

rFire   . . .      SeeInvis +   e - +0 war axe
rCold   . . .      Faith    .   b - +0 buckler
rNeg    . . .      Spirit   .   j - +0 ring mail
rPois   .          Reflect  +   (helmet unavailable)
rElec   .          Harm     .   y - +0 cloak
rCorr   .          Rampage  .   o - +0 pair of gloves
Will    .....                   (no boots)
Stlth   ..........              s - amulet of reflection
HPRegen 0.12/turn               n - ring of wizardry
MPRegen 0.11/turn               (no ring)

@: no status effects
A: permanent stasis, dig shafts and tunnels, antennae 3, four strong arms
a: Dig, Shaft Self


You were on level 4 of the Dungeon.
You visited 1 branch of the dungeon, and saw 4 of its levels.

You collected 145 gold pieces.

Inventory:

Hand Weapons
 a - a +0 hand axe
 e - a +0 war axe (weapon)
 m - a +0 hunting sling
 u - a +0 falchion of holy wrath
 x - a +2 falchion of freezing
Missiles
 c - 5 boomerangs of dispersal (quivered)
 g - 107 arrows
 i - 113 stones
 v - 6 poisoned darts
Armour
 b - a +0 buckler (worn)
 j - a +0 ring mail (worn)
 o - a +0 pair of gloves (worn)
 y - a +0 cloak (worn)
Jewellery
 f - an amulet of guardian spirit
 n - a ring of wizardry (left hand)
 s - an amulet of reflection (around neck)
 t - an amulet of the acrobat
Scrolls
 d - 5 scrolls of identify {unknown}
 p - a scroll of brand weapon {unknown}
 z - a scroll of enchant weapon {unknown}
Potions
 h - 2 potions of might {unknown}
 k - a potion of heal wounds {unknown}
 q - a potion of mutation {unknown}
 r - a potion of lignification {unknown}
 w - a potion of curing {unknown}


   Skills:
 - Level 2.1 Fighting
 + Level 3.7 Axes
 - Level 1.0 Throwing
 + Level 3.5 Armour
 - Level 1.7 Dodging
 + Level 2.4 Shields
 - Level 2.1 Spellcasting
 - Level 2.6 Translocations


You had 8 spell levels left.
You didn't know any spells.
Your spell library contained the following spells:

 Spells                   Type           Power      Damage    Failure   Level
 Slow                     Hex            4%         N/A       22%         1
 Gell's Gravitas          Tloc           7%         N/A       22%         3
 Lesser Beckoning         Tloc           7%         N/A       22%         3
 Teleport Other           Tloc           7%         N/A       22%         3
 Ensorcelled Hibernation  Hex/Ice        2%         N/A       32%         2
 Confusing Touch          Hex            1%         N/A       52%         3
 Spider Form              Tmut/Pois      1%         N/A       52%         3
 Vampiric Draining        Necr           1%         2d6       52%         3
 Manifold Assault         Tloc           7%         N/A       88%         5
 Anguish                  Hex/Necr       0%         N/A       89%         4
 Summon Ice Beast         Ice/Summ       1%         N/A       89%         4
 Summon Mana Viper        Hex/Summ       1%         N/A       99%         5
 Monstrous Menagerie      Summ           0%         N/A       100%        7
 Blink                    Tloc           Unusable   N/A       N/A         2

Dungeon Overview and Level Annotations

Branches:
Dungeon (4/15)
 Temple: D:4-7

Altars:
Sif Muna

Shops:
D:1 [

Annotations:
D:4 Grinder


Innate Abilities, Weirdness & Mutations

You cannot be hasted, slowed, berserked, paralysed or teleported.
You can dig through walls and to a lower floor.
You have a pair of large antennae on your head. (SInv)
Your four strong arms can wield two-handed weapons with a shield.


Message History

You sense a monster nearby.
Grinder comes into view.
Grinder blinks!
No target in view!
No target in view!
No target in view!
No target in view!
No target in view!
No target in view!
No target in view!
No target in view!
No target in view!
No target in view!
No target in view!
No target in view!
No target in view!
No target in view!
No target in view!
No target in view!
Unknown command.
Grinder gestures at you. You resist with significant effort.
Aiming: Polymorph
Press: ? - help, Shift-Dir - straight line, f - Grinder
Aim: Grinder (will become a neqoxec, a lemure, or a chaos spawn, chance to affect: 49%) Grinder evaporates and reforms as a chaos spawn!
Unknown command.
Aiming: Polymorph
Press: ? - help, Shift-Dir - straight line, f/p - Grinder
Aim: Grinder the chaos spawn (will become a sixfirhy, a red devil, or a hellwing, chance to affect: 17%) Grinder the chaos spawn evaporates and reforms as a sixfirhy!
Aiming: Polymorph
Press: ? - help, Shift-Dir - straight line, f/p - Grinder
Aim: Grinder the sixfirhy (will become an ice devil, a hell beast, or a demonic crawler, chance to affect: 17%) Grinder resists with almost no effort.
The now-empty wand crumbles to dust.
Grinder hits you! Grinder shocks you!
You miss Grinder. Grinder hits you but does no damage. Grinder hits you!
* * * LOW HITPOINT WARNING * * *
Grinder shocks you!
You die...

.........# #.###..# #.#####.##.
.......#.#####......###.#####.##.
.......#.##......##.#.........##.
.......#.##.####.##.#.#.#####<##.
.†.....#.##.####.##...#.# #.##.
.......>............###.# #....
........###.##.#.##.# #.# #.###
..#.....# #.##.#.##.# #.# #.#
........# #....3@##.# #.. ..#
###.#.#.# ####.#.##.# ### ####
#.#.#.# #.#.##.# #.....# # .....#
###.### #.#### ... ... .... #.#
...# #.# .#


You could see Grinder the sixfirhy.

Vanquished Creatures
  An iguana (D:4)
  An orc wizard (D:4)
  A gnoll (D:1)
  A howler monkey skeleton (D:4)
  An adder (D:2)
  An adder skeleton (D:4)
  2 worms (D:2)
  3 dart slugs
  4 orcs (D:4)
  5 endoplasms
  A giant cockroach (D:3)
  4 goblins
  5 hobgoblins
  4 jackals (D:2)
  3 kobolds
  4 quokkas
  4 ball pythons
  3 bats
  4 frilled lizards
  22 rats
74 creatures vanquished.

Notes
Turn   | Place    | Note
-------+----------+-------------------------------------------
     0 | D:1      | Descartes the Formicid Warper began the quest for the Orb.
     0 | D:1      | Reached XP level 1. HP: 16/16 MP: 3/3
   179 | D:1      | Reached XP level 2. HP: 22/22 MP: 5/5
   190 | D:1      | Found Bogaon's Armour Boutique.
   383 | D:1      | Reached XP level 3. HP: 27/27 MP: 6/6
  1007 | D:1      | Found a faded altar of an unknown god.
  1741 | D:2      | Reached XP level 4. HP: 30/33 MP: 7/7
  1823 | D:2      | Reached skill level 1 in Shields
  2328 | D:3      | Found a shimmering blue altar of Sif Muna.
  2926 | D:4      | Reached XP level 5. HP: 33/38 MP: 8/8
  3558 | D:4      | Noticed Grinder
  3562 | D:4      | Noticed Grinder
  3562 | D:4      | Grinder changed into Grinder the chaos spawn
  3563 | D:4      | Noticed Grinder
  3563 | D:4      | Grinder the chaos spawn changed into Grinder the sixfirhy
  3565 | D:4      | Slain by Grinder the sixfirhy

Illustrated notes

Levels and vault maps discovered:
D:1:      lightli_iron_boxes, layout_loops_ring,
          chequers_ecumenical_altar_twisty, serial_shops, shop
D:2:      minmay_evil_eye, layout_basic
D:3:      layout_basic, mainiacjoe_overflow_chevrons, minmay_misc_feat_rows,
          chequers_serial_rivers_room_b
D:4:      layout_loops_cross, chequers_serial_rivers_micro_b, minmay_rat_hole,
          uniq_grinder

Skill      XL: |  1  2  3  4  5 |
---------------+----------------+-----
Armour         | 2 3 |  3.5
Axes           | 3 |  3.7
Shields        | 1 2 |  2.4
Fighting       | |  2.1
Throwing       | |  1.0
Dodging        | |  1.7
Spellcasting   | |  2.1
Translocations | |  2.6

Action                   |  1- 3 |  4- 6 || total
-------------------------+-------+-------++-------
Melee: Hand axe          |    11 |       ||    11
       War axe           |    67 |   106 ||   173
       Punch             |     2 |       ||     2
Evoke: Wand              |       |     3 ||     3
Armor: Leather armour    |    12 |       ||    12
       Ring mail         |    15 |    38 ||    53
Dodge: Dodged            |    40 |    49 ||    89
Block: Buckler           |       |    39 ||    39
